 Dungeon Crawl Stone Soup version 0.31-a0-175-g9f7f995f2b (webtiles) character file.

Game seed: 8070091532563151637

161371 qw the Severer (level 17, -10/126 HPs)
             Began as a Gargoyle Fighter on June 16, 2023.
             Was an Elder of Okawaru.
             Mangled by a culicivora (12 damage)
             ... on level 3 of the Spider Nest.
             The game lasted 00:21:33 (35454 turns).

qw the Severer (Gargoyle Fighter)                  Turns: 35454, Time: 00:21:34

Health: -10/126    AC: 40    Str: 28    XL:     17   Next: 78%
Magic:  24/24      EV: 11    Int:  9    God:    Okawaru [****..]
Gold:   483        SH: 16    Dex:  7    Spells: 16/16 levels left

rFire   + . .        Y - +5 broad axe (freeze)
rCold   + + .        k - +2 kite shield
rNeg    + . .        F - +8 chain mail "Ile Feda" {rC+}
rPois   inf          (helmet restricted)
rElec   +            A - scarf {rC+ rF+}
rCorr   .            z - +2 pair of gloves
SInv    +            x - +0 pair of boots
Will    ++...        i - amulet of faith Stlth
                     D - ring of see invisible
HPRegen 0.41/turn    s - ring of willpower
MPRegen 0.19/turn

%: faith
@: about to teleport, heroic, flying, glowing
A: sickness immunity, AC +12, big wings, negative energy resistance 1,
electricity resistance, torment resistance 1, petrification resistance, horns 1,
clumsy 1, robust 1
a: Renounce Religion, Heroism, Finesse


You were on level 3 of the Spider Nest.
You worshipped Okawaru.
Okawaru was greatly pleased with you.
You visited 6 branches of the dungeon, and saw 29 of its levels.
You visited 1 bazaar.
You also visited: Sewer.

You collected 3144 gold pieces.
You spent 2661 gold pieces at shops.


Innate Abilities, Weirdness & Mutations

You are immune to sickness and miasma.
Your stone body is resilient. (AC +12)
You are immune to poison.
Your large and strong wings let you fly.
You resist negative energy. (rN+)
You are resistant to electric shocks. (rElec)
You are resistant to unholy torment.
You are immune to petrification.
You have a pair of small horns on your head.
You are clumsy. (Dex -2)
You are robust. (+10% HP)


   Skills:
 - Level 16.0(21.0) Fighting
 - Level 18.0(23.0) Axes
 - Level 8.0(13.0) Throwing
 + Level 11.1(16.1) Armour
 - Level 3.0(8.0) Dodging
 - Level 15.0(20.0) Shields
 - Level 10.0 Invocations


You had 16 spell levels left.
You didn't know any spells.
Your spell library was empty.

Inventory:

Hand Weapons
 C - a +2 war axe of flaming
 Y - a +5 broad axe of freezing (weapon)
Missiles
 w - 2 boomerangs (quivered)
Armour
 k - a +2 kite shield (worn)
 m - +0 acid dragon scales
 v - the +1 plate armour of Sugrupt Erue {-Cast Harm rC++ Str+3}
   (You bought it in a shop on level 2 of the Orcish Mines)

   Str:       It affects your strength (+3).
   rC:        It greatly protects you from cold.
   -Cast:     It prevents spellcasting.
   Harm:      It increases damage dealt and taken.
 x - a +0 pair of boots (worn)
 z - a +2 pair of gloves (worn)
 A - a scarf of resistance (worn)
 E - a +0 cloak
 F - the +8 chain mail "Ile Feda" (worn) {rC+}
   (You found it on level 5 of the Lair of Beasts)

   rC:        It protects you from cold.
 G - the +0 plate armour of Fuiboux {-Tele rF+ Str+9 Int-5}
   (You found it on level 5 of the Lair of Beasts)

   Str:       It affects your strength (+9).
   Int:       It affects your intelligence (-5).
   rF:        It protects you from fire.
   -Tele:     It prevents most forms of teleportation.
Jewellery
 a - an amulet of regeneration
 c - a ring of protection from fire
 i - an amulet of faith (around neck)
 l - a ring of resist corrosion
 p - a ring of protection from cold
 r - a ring of positive energy
 s - a ring of willpower (right hand)
 t - a ring of fire
 D - a ring of see invisible (left hand)
 I - a ring of see invisible
 J - a ring of protection from cold
Wands
 j - a wand of digging (15)
Scrolls
 e - 15 scrolls of identify
 q - 2 scrolls of teleportation
Potions
 b - 4 potions of magic
 d - 8 potions of might
 f - 6 potions of haste
 g - 2 potions of cancellation
 h - 7 potions of curing
 n - a potion of attraction
 o - 7 potions of mutation
 u - 9 potions of lignification
 B - a potion of resistance

Dungeon Overview and Level Annotations

Branches:
Dungeon (15/15)            Temple (1/1) D:7            Lair (5/5) D:11
  Swamp (3/4) Lair:3       Spider (3/4) Lair:2        Slime (0/5) Lair:5
    Orc (2/2) D:9             Elf (0/3) Orc:2        Vaults (0/5) D:13
 Depths (0/4) D:15          Sewer (visited)

Altars:
Ashenzari
Cheibriados
Dithmenos
Elyvilon
Fedhas
Gozag
Hepliaklqana
Kikubaaqudgha
Makhleb
Nemelex Xobeh
Okawaru
Qazlal
Ru
Sif Muna
Trog
Uskayaw
Vehumet
Wu Jian
Xom
Yredelemnul
Zin
The Shining One
Jiyva

Shops:
D:1 *   D:5 ?   D:6 *   D:9 [(   D:15 *   Orc:2 [(=*

Annotations:
D:3 3 runed translucent doors, qw's ghost, amateur NaHu
D:15 4 transporters
Swamp:1 exclusions: bog body and 5 spectral things
Swamp:2 3 runed translucent doors, Qemahefa's ghost, adept GrFi


Message History

The wolf spider is severely wounded.
You miss the culicivora. You slash the culicivora! You freeze the culicivora.
Your surroundings suddenly seem different.
A sun moth, a wolf spider, 2 culicivoras and a jumping spider come into view.
The culicivora's many legs skitter faintly.
The jumping spider's many legs skitter faintly.
You block the culicivora's attack.
The culicivora moves out of view.
Enter note:
Enter note:
Enter note:
35451 ||| READING 3 scrolls of teleportation.
As you read the scroll of teleportation, it crumbles to dust.
You feel strangely unstable.
The culicivora bites you but does no damage.
You barely miss the sun moth. You slice the jumping spider!!
You freeze the jumping spider! You hit the culicivora.
You freeze the culicivora. You block the jumping spider's attack.
The jumping spider bites you but does no damage.
You block the culicivora's attack.
You slice the jumping spider!! You freeze the jumping spider.
You kill the jumping spider!
Okawaru accepts your kill.
You slash the culicivora! You freeze the culicivora! You hit the wolf spider.
You freeze the wolf spider. You slash the sun moth! You freeze the sun moth.
The wolf spider hits you but does no damage.
You block the wolf spider's attack. The sun moth bites you.
A jumping spider comes into view.
The culicivora closely misses you.
The culicivora is healed somewhat.
You hit the culicivora but do no damage.
Your headbutt misses the culicivora.
The culicivora is heavily wounded.
You closely miss the sun moth. You slash the culicivora!
You freeze the culicivora. You slash the wolf spider!
You freeze the wolf spider.
The wolf spider hits you but does no damage.
You block the wolf spider's attack.
The sun moth bites you but does no damage.
The culicivora bites you!
You die...

##### ###.#.##
#......#####
#..........#.........#
#.#.s...#.....#..#....
#..y@...># ........#.
#^.ss..#...#.....#...
#....#.......#^....$...
#^...^#.#....#s........
#... . .........#.^.##.
##.... .....^#.s..#....
#. .. ......s.ss^.....
#.##. .#....ss..%^....
<.....^#........


You could see a sun moth, 2 wolf spiders and 3 culicivoras.

Vanquished Creatures
  Jorgrun (D:12)
  3 thorn hunters
  Donald (Spider:1)
  An emperor scorpion (Spider:3)
  An orc warlord (Orc:2)
  5 eleionomae
  Azrael (D:13)
  A bunyip (Swamp:2)
  A fire dragon (D:15)
  3 entropy weavers
  4 shambling mangroves (Swamp:2)
  15 hydras
  Fannar (Lair:2)
  An ice dragon (D:15)
  4 ghost crabs
  A rakshasa (D:13)
  2 jorogumos
  6 catoblepae
  An ogre mage (D:13)
  3 centaur warriors
  A death knight (D:14)
  7 two-headed ogres
  7 boulder beetles
  6 alligators
  5 death yaks (Lair:5)
  5 tengu warriors (D:15)
  A demonic crawler (Spider:2)
  An orc high priest (Orc:2)
  Nergalle (Orc:2)
  7 spriggans
  A skeletal warrior (D:15)
  2 skysharks
  6 pharaoh ants
  Amaemon (D:11)
  A goliath frog (Swamp:1)
  6 orb spiders
  4 spriggan druids
  8 bog bodies
  6 orc knights
  2 deep elf pyromancers (D:15)
  2 steelbarb worms
  5 spectral spriggans (Swamp:1)
  5 cyclopes
  11 wolf spiders
  2 oklob plants (Swamp:2)
  2 ugly things (D:15)
  2 orc sorcerers
  3 manticores
  7 will-o-the-wisps
  5 black mambas
  14 elephants
  An orange demon (D:11)
  12 cane toads
  2 unseen horrors (D:13)
  3 gargoyles
  10 komodo dragons
  Psyche (D:11)
  3 yaktaurs (D:13)
  A yaktaur (shapeshifter) (D:15)
  Maggie (D:7)
  3 rime drakes
  8 trolls
  3 polar bears
  13 hornets
  6 meliai
  Grinder (D:4)
  2 bloated husks (Swamp:1)
  4 tyrant leeches
  A wolf spider simulacrum (D:15)
  13 tarantellas
  12 blink frogs
  6 slime creatures
  A jumping spider (shapeshifter) (D:14)
  7 dream sheep (Lair:3)
  8 culicivoras
  18 jumping spiders
  6 wyverns
  67 yaks
  2 vampires
  3 fire elementals (D:13)
  2 hogs (shapeshifter)
  5 basilisks
  4 steam dragons
  24 redbacks
  22 vampire mosquitoes
  4 wargs
  Menkaure (D:6)
  3 acid dragons
  16 water moccasins
  Edmund (D:6)
  4 hell hounds (D:13)
  14 swamp worms
  Duvessa (D:5)
  27 orc warriors
  3 sky beasts (D:12)
  7 ogres
  A swamp drake (Swamp:2)
  A boggart (D:13)
  9 centaurs
  21 wolves (Lair:1)
  9 kobold brigands
  9 bullfrogs
  2 gnoll sergeants
  4 scorpions
  11 wights
  Dowan (D:5)
  6 killer bees
  4 howler monkeys
  3 electric eels
  4 jellies (D:8)
  18 orc priests
  4 hounds
  A gnoll bouda (Orc:1)
  Jessica (D:2)
  2 sleepcaps
  28 orc wizards
  6 iguanas
  12 gnolls
  9 adders
  4 river rats (Sewer)
  2 shadow imps
  2 white imps
  An ufetubus (D:7)
  7 worms
  2 dart slugs
  71 orcs
  6 bats
  5 endoplasms
  7 giant cockroaches
  5 goblins
  8 hobgoblins
  4 quokkas
  20 ball pythons
  3 frilled lizards
  19 kobolds
  5 rats
885 creatures vanquished.

Vanquished Creatures (others)
  A will-o-the-wisp (Swamp:3)
  2 bloated husks
  A redback (Spider:3)
  A swamp worm (Swamp:2)
  44 foxfires
49 creatures vanquished.

Grand Total: 934 creatures vanquished

Notes
Turn   | Place    | Note
-------+----------+-------------------------------------------
     0 | D:1      | qw the Gargoyle Fighter began the quest for the Orb.
     0 | D:1      | Reached XP level 1. HP: 14/14 MP: 1/1
     0 | D:1      | 0 ||| qw: Version: 0.2-a-29-g511e9b1
     0 | D:1      | 0 ||| qw: Game counter: 5755
     0 | D:1      | 0 ||| qw: Always use a shield: true
     0 | D:1      | 0 ||| qw: God list: Okawaru
     0 | D:1      | 0 ||| qw: Allow faded altars: false
     0 | D:1      | 0 ||| qw: Do Orc after D:15 true
     0 | D:1      | 0 ||| qw: Do second Lair branch before Depths: true
     0 | D:1      | 0 ||| qw: Lair rune preference: random
     0 | D:1      | 0 ||| qw: Plans: Normal, Zot:1-4, Slime:5, God:TSO, Crypt,
                  | Tomb, Abyss, Pan, Hells, Win
     0 | D:1      | 0 ||| PLANNING D:1-11
    90 | D:1      | Reached skill level 2 in Axes
   204 | D:1      | 204 ||| Stepping ~*~*~tactically~*~*~ (hiding).
   212 | D:1      | Reached XP level 2. HP: 15/19 MP: 2/2
   252 | D:1      | Found Uxzofodu's Assorted Antiques.
   261 | D:1      | 261 ||| SHOPLISTING 2 red potions (36 gold, have 18).
   261 | D:1      | 261 ||| BUYING bubbling clear potion (18 gold).
   261 | D:1      | Bought a bubbling clear potion for 18 gold pieces
   261 | D:1      | 261 ||| SHOPLISTING chain mail (90 gold, have 0).
   261 | D:1      | 261 ||| SHOPLISTING dazzling mace (160 gold, have 0).
   261 | D:1      | 261 ||| SHOPLISTING metallic inky potion (18 gold, have 0).
   261 | D:1      | 261 ||| SHOPLISTING pair of boots (90 gold, have 0).
   261 | D:1      | 261 ||| SHOPLISTING scroll labelled ENURRI YCEFASA (20
                  | gold, have 0).
   261 | D:1      | 261 ||| SHOPLISTING scroll labelled IPRAOR MUAZAZXED (20
                  | gold, have 0).
   336 | D:1      | 336 ||| Stepping ~*~*~tactically~*~*~ (stealth).
   337 | D:1      | 337 ||| Stepping ~*~*~tactically~*~*~ (stealth).
   338 | D:1      | 338 ||| Stepping ~*~*~tactically~*~*~ (stealth).
   339 | D:1      | 339 ||| Stepping ~*~*~tactically~*~*~ (stealth).
   482 | D:1      | Reached skill level 3 in Axes
   501 | D:1      | Reached XP level 3. HP: 18/23 MP: 3/3
   734 | D:1      | 734 ||| Stepping ~*~*~tactically~*~*~ (hiding).
   940 | D:1      | 940 ||| READING 2 scrolls labelled YLIPTE SETIO.
   941 | D:1      | 941 ||| READING scroll labelled SUPNEW HOCIDGHO.
   942 | D:1      | 942 ||| DROPPING scroll of vulnerability.
  1409 | D:2      | 1409 ||| READING scroll labelled AWUGRU INASUTS.
  1449 | D:2      | 1449 ||| READING scroll labelled HYULIN QEHAE.
  1450 | D:2      | 1450 ||| READING 2 scrolls of identify.
  1450 | D:2      | 1450 ||| IDENTIFYING bubbling clear potion
  1461 | D:2      | Reached XP level 4. HP: 28/28 MP: 4/4
  1604 | D:2      | Noticed Jessica
  1605 | D:2      | Killed Jessica
  1606 | D:2      | Reached skill level 4 in Axes
  1810 | D:2      | 1810 ||| READING scroll labelled BYXUER YSYITT.
  1844 | D:3      | 1844 ||| PLANNING SEWER
  1849 | D:3      | 1849 ||| STAIRDANCE
  1916 | D:3      | Reached XP level 5. HP: 22/32 MP: 5/5
  1990 | D:3      | Found a runed translucent gate.
  1990 | D:3      | Found a runed translucent gate.
  1990 | D:3      | Found an opulent altar of Gozag.
  1991 | D:3      | Found a runed translucent gate.
  1995 | D:3      | Noticed qw's ghost (amateur NaHu)
  2017 | D:3      | Reached skill level 5 in Axes
  2128 | D:3      | 2128 ||| Stepping ~*~*~tactically~*~*~ (stealth).
  2132 | D:3      | 2132 ||| Stepping ~*~*~tactically~*~*~ (stealth).
  2143 | D:3      | 2143 ||| FLEEEEING.
  2144 | D:3      | 2144 ||| FLEEEEING.
  2179 | D:3      | 2179 ||| DROPPING +0 club.
  2326 | D:3      | 2326 ||| Stepping ~*~*~tactically~*~*~ (stealth).
  2457 | D:3      | Found a glowing drain.
  2458 | D:3      | 2458 ||| UPGRADING to +0 chain mail.
  2468 | D:3      | 2468 ||| DROPPING +0 scale mail.
  2469 | D:3      | 2469 ||| READING 2 scrolls labelled GUZOER MEOFE.
  2470 | D:3      | 2470 ||| DRINKING 2 amethyst potions.
  2471 | D:3      | 2471 ||| DRINKING 2 murky black potions.
  2472 | D:3      | 2472 ||| DROPPING scroll of revelation.
  2485 | Sewer    | Entered a sewer
  2562 | Sewer    | Reached XP level 6. HP: 38/38 MP: 6/6
  2601 | Sewer    | 2601 ||| Stepping ~*~*~tactically~*~*~ (water).
  2739 | Sewer    | Reached skill level 6 in Axes
  2856 | Sewer    | Reached skill level 1 in Dodging
  2856 | Sewer    | Reached XP level 7. HP: 31/43 MP: 7/7
  3046 | Sewer    | 3046 ||| Stepping ~*~*~tactically~*~*~ (water).
  3405 | Sewer    | 3405 ||| READING scroll labelled KODABB ASSELU.
  3406 | Sewer    | 3406 ||| DRINKING 3 smoky ruby potions.
  3406 | Sewer    | Gained mutation: You are partially covered in iridescent
                  | scales. (AC +2) [potion of mutation]
  3406 | Sewer    | Gained mutation: Armour fits poorly on your strangely
                  | shaped body. [potion of mutation]
  3406 | Sewer    | Gained mutation: You have large cloven feet. [potion of
                  | mutation]
  3407 | Sewer    | 3407 ||| DRINKING 2 potions of mutation.
  3407 | Sewer    | Lost mutation: Armour fits poorly on your strangely shaped
                  | body. [potion of mutation]
  3407 | Sewer    | Lost mutation: You have large cloven feet. [potion of
                  | mutation]
  3407 | Sewer    | Gained mutation: You occasionally lose the ability to read
                  | scrolls when taking damage. [potion of mutation]
  3408 | Sewer    | 3408 ||| DRINKING potion of mutation.
  3408 | Sewer    | Lost mutation: You are partially covered in iridescent
                  | scales. (AC +2) [potion of mutation]
  3408 | Sewer    | Lost mutation: You occasionally lose the ability to read
                  | scrolls when taking damage. [potion of mutation]
  3408 | Sewer    | Gained mutation: You have a pair of small horns on your
                  | head. [potion of mutation]
  3408 | Sewer    | Gained mutation: You are clumsy. (Dex -2) [potion of
                  | mutation]
  3408 | Sewer    | Gained mutation: You are robust. (+10% HP) [potion of
                  | mutation]
  3448 | D:3      | 3448 ||| PLANNING D:1-11
  3703 | D:4      | Noticed Grinder
  3707 | D:4      | Reached skill level 7 in Axes
  3718 | D:4      | Killed Grinder
  3719 | D:4      | Reached XP level 8. HP: 53/55 MP: 8/8
  3772 | D:4      | 3772 ||| Stepping ~*~*~tactically~*~*~ (stealth).
  3775 | D:4      | 3775 ||| Stepping ~*~*~tactically~*~*~ (hiding).
  3776 | D:4      | 3776 ||| Stepping ~*~*~tactically~*~*~ (hiding).
  3778 | D:4      | 3778 ||| Stepping ~*~*~tactically~*~*~ (hiding).
  3788 | D:4      | 3788 ||| Stepping ~*~*~tactically~*~*~ (stealth).
  3791 | D:4      | 3791 ||| Stepping ~*~*~tactically~*~*~ (stealth).
  3806 | D:4      | 3806 ||| DROPPING +0 whip.
  3813 | D:4      | 3813 ||| DROPPING +0 flail.
  3836 | D:4      | 3836 ||| DROPPING +0 mace of protection.
  3839 | D:4      | 3839 ||| Stepping ~*~*~tactically~*~*~ (stealth).
  3840 | D:4      | 3840 ||| Stepping ~*~*~tactically~*~*~ (stealth).
  3842 | D:4      | 3842 ||| Stepping ~*~*~tactically~*~*~ (stealth).
  4191 | D:4      | 4191 ||| UPGRADING to amulet of faith.
  4196 | D:4      | 4196 ||| UPGRADING to ring of resist corrosion.
  4197 | D:4      | 4197 ||| READING scroll labelled ENURRI YCEFASA.
  4198 | D:4      | 4198 ||| DRINKING 3 dark potions.
  4199 | D:4      | 4199 ||| DROPPING 2 potions of enlightenment.
  4211 | D:5      | Entered Level 5 of the Dungeon
  4212 | D:5      | Noticed Dowan
  4213 | D:5      | Noticed Duvessa
  4222 | D:5      | Killed Dowan
  4228 | D:5      | HP: 13/55 [Duvessa/+0 short sword (8)]
  4229 | D:5      | 4229 ||| DRINKING 2 potions of heal wounds.
  4232 | D:5      | Killed Duvessa
  4286 | D:5      | 4286 ||| FLEEEEING.
  4502 | D:5      | Reached skill level 8 in Axes
  4521 | D:5      | Reached skill level 6 in Fighting
  4548 | D:5      | 4548 ||| FLEEEEING.
  4550 | D:5      | 4550 ||| STAIRDANCE
  4696 | D:5      | Found Ehumposm's Magic Scroll Shop.
  4713 | D:5      | 4713 ||| BUYING scroll of enchant armour (105 gold).
  4713 | D:5      | Bought a scroll of enchant armour for 105 gold pieces
  4713 | D:5      | 4713 ||| BUYING scroll of teleportation (42 gold).
  4713 | D:5      | Bought a scroll of teleportation for 42 gold pieces
  4713 | D:5      | 4713 ||| BUYING scroll of teleportation (42 gold).
  4713 | D:5      | Bought a scroll of teleportation for 42 gold pieces
  4884 | D:5      | 4884 ||| Stepping ~*~*~tactically~*~*~ (hiding).
  4885 | D:5      | 4885 ||| Stepping ~*~*~tactically~*~*~ (hiding).
  4887 | D:5      | 4887 ||| Stepping ~*~*~tactically~*~*~ (hiding).
  5016 | D:5      | 5016 ||| UPGRADING to ring of protection from fire.
  5044 | D:6      | Found Ifiduipp's Overcharged Wands.
  5054 | D:6      | Noticed Edmund
  5066 | D:6      | Killed Edmund
  5067 | D:6      | Reached skill level 9 in Axes
  5156 | D:6      | 5156 ||| SHOPLISTING wand of digging (11) (693 gold, have
                  | 81).
  5172 | D:6      | Reached XP level 9. HP: 60/60 MP: 9/9
  5279 | D:6      | 5279 ||| Stepping ~*~*~tactically~*~*~ (hiding).
  5280 | D:6      | 5280 ||| Stepping ~*~*~tactically~*~*~ (hiding).
  5287 | D:6      | 5287 ||| Stepping ~*~*~tactically~*~*~ (hiding).
  5301 | D:6      | HP: 7/61 [wight/+1 flail of protection (10)]
  5301 | D:6      | HP: 3/61 [kobold brigand/+0 club (4)]
  5302 | D:6      | 5302 ||| READING 2 scrolls of teleportation.
  5303 | D:6      | 5303 ||| DRINKING 2 potions of heal wounds.
  5584 | D:6      | Noticed Menkaure
  5594 | D:6      | Killed Menkaure
  5658 | D:6      | 5658 ||| FLEEEEING.
  5659 | D:6      | 5659 ||| FLEEEEING.
  5660 | D:6      | 5660 ||| FLEEEEING.
  5661 | D:6      | 5661 ||| STAIRDANCE
  5721 | D:5      | 5721 ||| READING 2 scrolls of identify.
  5721 | D:5      | 5721 ||| IDENTIFYING yellow potion
  5724 | D:6      | 5724 ||| STAIRDANCE
  5868 | D:6      | 5868 ||| Stepping ~*~*~tactically~*~*~ (stealth).
  6133 | D:6      | 6133 ||| DRINKING 2 emerald potions.
  6385 | D:7      | 6385 ||| DROPPING +1 flail of protection.
  6470 | D:7      | Reached skill level 10 in Axes
  6686 | D:7      | Found a staircase to the Ecumenical Temple.
  6687 | D:7      | 6687 ||| PLANNING TEMPLE
  6687 | D:7      | 6687 ||| READING scroll labelled JAISOIDAAM.
  6788 | D:7      | 6788 ||| READING 2 scrolls of identify.
  6788 | D:7      | 6788 ||| IDENTIFYING fizzy red potion
  6789 | D:7      | 6789 ||| DROPPING potion of invisibility.
  6798 | Temple   | Entered the Ecumenical Temple
  6800 | Temple   | 6800 ||| PLANNING OKAWARU WORSHIP
  6925 | Temple   | Became a worshipper of Warmaster Okawaru
  6926 | Temple   | 6926 ||| PLANNING D:1-11
  7319 | D:8      | Found a viscous altar of Jiyva.
  7474 | D:8      | Found a stormy altar of Qazlal.
  7501 | D:8      | 7501 ||| Stepping ~*~*~tactically~*~*~ (hiding).
  7505 | D:8      | 7505 ||| Stepping ~*~*~tactically~*~*~ (hiding).
  7576 | D:8      | 7576 ||| FLEEEEING.
  7691 | D:8      | 7691 ||| Stepping ~*~*~tactically~*~*~ (stealth).
  7692 | D:8      | 7692 ||| Stepping ~*~*~tactically~*~*~ (stealth).
  7740 | D:8      | 7740 ||| DROPPING +1 scale mail of willpower.
  7741 | D:8      | 7741 ||| READING scroll labelled YCACLY ZEEVE.
  7742 | D:8      | 7742 ||| READING 2 scrolls of identify.
  7742 | D:8      | 7742 ||| IDENTIFYING fuming black potion
  7743 | D:8      | 7743 ||| DROPPING potion of ambrosia.
  7944 | D:8      | Reached XP level 10. HP: 38/70 MP: 10/10
  7944 | D:8      | Reached * piety under Okawaru
  7945 | D:8      | 7945 ||| INVOKING Heroism.
  8153 | D:7      | 8153 ||| INVOKING Heroism.
  8163 | D:7      | Reached skill level 1 in Invocations
  8233 | D:7      | 8233 ||| INVOKING Heroism.
  8238 | D:7      | Noticed Maggie
  8239 | D:7      | 8239 ||| Stepping ~*~*~tactically~*~*~ (hiding).
  8240 | D:7      | 8240 ||| Stepping ~*~*~tactically~*~*~ (hiding).
  8248 | D:7      | 8248 ||| INVOKING Heroism.
  8253 | D:7      | Killed Maggie
  8254 | D:7      | 8254 ||| Stepping ~*~*~tactically~*~*~ (hiding).
  8261 | D:7      | HP: 17/70 [orc priest/divine providence (13)]
  8262 | D:7      | 8262 ||| READING scroll of teleportation.
  8263 | D:7      | 8263 ||| DRINKING 3 potions of heal wounds.
  8264 | D:7      | 8264 ||| INVOKING Heroism.
  8266 | D:7      | Reached skill level 11 in Axes
  8439 | D:7      | 8439 ||| Stepping randomly (stuck).
  8473 | D:8      | 8473 ||| Stepping ~*~*~tactically~*~*~ (stealth).
  8482 | D:8      | 8482 ||| INVOKING Heroism.
  8487 | D:8      | Reached skill level 3 in Invocations
  8817 | D:8      | Found an opulent altar of Gozag.
  9115 | D:9      | Reached ** piety under Okawaru
  9125 | D:9      | 9125 ||| Stepping ~*~*~tactically~*~*~ (hiding).
  9129 | D:9      | 9129 ||| INVOKING Heroism.
  9131 | D:9      | 9131 ||| Stepping ~*~*~tactically~*~*~ (hiding).
  9312 | D:9      | Found Siesoz's Weapon Shop.
  9313 | D:9      | Found a staircase to the Orcish Mines.
  9315 | D:9      | Found Huci's Armour Shop.
  9320 | D:9      | 9320 ||| Stepping ~*~*~tactically~*~*~ (hiding).
  9329 | D:9      | 9329 ||| INVOKING Heroism.
  9367 | D:9      | 9367 ||| BUYING +0 pair of boots (63 gold).
  9367 | D:9      | Bought a +0 pair of boots for 63 gold pieces
  9367 | D:9      | 9367 ||| SHOPLISTING +2 pair of boots of Byalikh {MP+9
                  | Dex+8 Stlth-} (781 gold, have 187).
  9367 | D:9      | 9367 ||| SHOPLISTING +3 pair of mountain boots {steadfast,
                  | rC+} (469 gold, have 187).
  9386 | D:9      | 9386 ||| Stepping ~*~*~tactically~*~*~ (stealth).
  9439 | D:9      | Reached skill level 9 in Fighting
  9575 | D:9      | Noticed a two-headed ogre
  9576 | D:9      | 9576 ||| INVOKING Heroism.
  9585 | D:9      | Killed a two-headed ogre
  9586 | D:9      | Reached skill level 3 in Throwing
  9793 | D:9      | 9793 ||| INVOKING Heroism.
 10080 | D:9      | You fall into a shaft and drop 1 floor!
 10080 | D:10     | Entered Level 10 of the Dungeon
 10175 | D:10     | 10175 ||| Stepping ~*~*~tactically~*~*~ (stealth).
 10176 | D:10     | 10176 ||| UPGRADING to +0 plate armour.
 10182 | D:10     | 10182 ||| INVOKING Heroism.
 10187 | D:10     | Reached XP level 11. HP: 38/78 MP: 11/14
 10324 | D:10     | 10324 ||| UPGRADING to +0 plate armour.
 10334 | D:10     | 10334 ||| DROPPING +0 chain mail.
 10335 | D:10     | 10335 ||| UPGRADING to +0 pair of boots.
 10340 | D:10     | 10340 ||| UPGRADING to +0 pair of gloves.
 10345 | D:10     | 10345 ||| READING scroll of enchant armour.
 10345 | D:10     | 10345 ||| ENCHANTING +0 pair of gloves.
 10346 | D:10     | 10346 ||| DRINKING 2 red potions.
 10347 | D:10     | 10347 ||| READING 3 scrolls of identify.
 10347 | D:10     | 10347 ||| IDENTIFYING glowing ruby potion
 10348 | D:10     | 10348 ||| READING 2 scrolls of identify.
 10348 | D:10     | 10348 ||| IDENTIFYING metallic inky potion
 10349 | D:10     | 10349 ||| DROPPING potion of brilliance.
 10691 | D:10     | 10691 ||| INVOKING Heroism.
 10827 | D:10     | Reached skill level 6 in Armour
 10909 | D:10     | Found a glowing golden altar of the Shining One.
 10916 | D:10     | Found a shimmering blue altar of Sif Muna.
 10931 | D:10     | 10931 ||| INVOKING Heroism.
 11165 | D:10     | Noticed a two-headed ogre
 11166 | D:10     | 11166 ||| INVOKING Heroism.
 11176 | D:10     | Killed a two-headed ogre
 11176 | D:10     | Reached *** piety under Okawaru
 11597 | D:10     | 11597 ||| READING scroll labelled CINOWO HECAICIF.
 11598 | D:10     | 11598 ||| READING scroll labelled FUKHOA LIARICS.
 11695 | D:11     | Found a staircase to the Lair.
 11699 | D:11     | 11699 ||| INVOKING Heroism.
 11733 | D:11     | Noticed a two-headed ogre
 11734 | D:11     | 11734 ||| INVOKING Heroism.
 11740 | D:11     | Killed a two-headed ogre
 11995 | D:11     | Noticed Psyche
 11996 | D:11     | 11996 ||| INVOKING Heroism.
 12012 | D:11     | Killed Psyche
 12012 | D:11     | Reached **** piety under Okawaru
 12013 | D:11     | Reached skill level 12 in Axes
 12102 | D:11     | Noticed Amaemon
 12104 | D:11     | 12104 ||| INVOKING Heroism.
 12115 | D:11     | Killed Amaemon
 12115 | D:11     | Received a gift from Okawaru
 12364 | D:11     | Reached skill level 6 in Shields
 12530 | D:11     | 12530 ||| PLANNING LAIR
 12530 | D:11     | 12530 ||| UPGRADING to ring of willpower.
 12532 | D:11     | 12532 ||| READING scroll labelled IPRAOR MUAZAZXED.
 12607 | Lair:1   | Entered Level 1 of the Lair of Beasts
 12608 | Lair:1   | 12608 ||| INVOKING Heroism.
 12656 | Lair:1   | 12656 ||| Stepping ~*~*~tactically~*~*~ (stealth).
 12713 | Lair:1   | Reached ***** piety under Okawaru
 12717 | Lair:1   | Reached skill level 6 in Invocations
 12718 | Lair:1   | 12718 ||| INVOKING Heroism.
 12728 | Lair:1   | Reached skill level 9 in Armour
 12736 | Lair:1   | Reached XP level 12. HP: 59/83 MP: 14/16
 12843 | Lair:1   | Received a gift from Okawaru
 13059 | Lair:1   | 13059 ||| INVOKING Heroism.
 13085 | Lair:1   | 13085 ||| Stepping ~*~*~tactically~*~*~ (stealth).
 13176 | Lair:1   | 13176 ||| Stepping ~*~*~tactically~*~*~ (stealth).
 13190 | Lair:1   | Received a gift from Okawaru
 13191 | Lair:1   | 13191 ||| INVOKING Heroism.
 13203 | Lair:1   | HP: 19/84 [wolf (5)]
 13204 | Lair:1   | 13204 ||| READING scroll of teleportation.
 13205 | Lair:1   | 13205 ||| DRINKING 6 potions of heal wounds.
 13458 | Lair:1   | Received a gift from Okawaru
 13483 | Lair:1   | 13483 ||| INVOKING Heroism.
 13739 | Lair:1   | 13739 ||| INVOKING Heroism.
 13979 | Lair:2   | 13979 ||| INVOKING Heroism.
 13998 | Lair:2   | Reached skill level 9 in Invocations
 13999 | Lair:2   | Received a gift from Okawaru
 14052 | Lair:2   | 14052 ||| STAIRDANCE
 14102 | Lair:2   | 14102 ||| UPGRADING to +1 broad axe of electrocution.
 14103 | Lair:2   | 14103 ||| DROPPING +1 war axe of protection.
 14236 | Lair:2   | 14236 ||| INVOKING Heroism.
 14242 | Lair:2   | Noticed Fannar
 14265 | Lair:2   | Killed Fannar
 14266 | Lair:2   | Reached skill level 13 in Axes
 14467 | Lair:2   | Noticed a four-headed hydra
 14468 | Lair:2   | 14468 ||| INVOKING Heroism.
 14469 | Lair:2   | 14469 ||| INVOKING Finesse.
 14476 | Lair:2   | 14476 ||| SWAPPING to -1 demon whip of venom.
 14479 | Lair:2   | Killed a four-headed hydra
 14480 | Lair:2   | Reached XP level 13. HP: 76/90 MP: 13/20
 14525 | Lair:2   | 14525 ||| UPGRADING to +1 broad axe of electrocution.
 14555 | Lair:2   | Found a hole to the Spider Nest.
 14706 | Lair:2   | 14706 ||| INVOKING Heroism.
 14974 | Lair:2   | 14974 ||| READING 3 scrolls of identify.
 14974 | Lair:2   | 14974 ||| IDENTIFYING viscous pink potion
 15085 | Lair:3   | 15085 ||| READING scroll of enchant weapon.
 15085 | Lair:3   | 15085 ||| ENCHANTING +1 broad axe of electrocution.
 15106 | Lair:3   | 15106 ||| Stepping ~*~*~tactically~*~*~ (stealth).
 15107 | Lair:3   | 15107 ||| Stepping ~*~*~tactically~*~*~ (stealth).
 15108 | Lair:3   | 15108 ||| Stepping ~*~*~tactically~*~*~ (stealth).
 15109 | Lair:3   | 15109 ||| Stepping ~*~*~tactically~*~*~ (stealth).
 15112 | Lair:3   | 15112 ||| Stepping ~*~*~tactically~*~*~ (stealth).
 15113 | Lair:3   | 15113 ||| Stepping ~*~*~tactically~*~*~ (stealth).
 15125 | Lair:3   | 15125 ||| INVOKING Heroism.
 15131 | Lair:3   | Received a gift from Okawaru
 15132 | Lair:3   | Reached skill level 14 in Axes
 15146 | Lair:3   | 15146 ||| FLEEEEING.
 15147 | Lair:3   | 15147 ||| FLEEEEING.
 15148 | Lair:3   | 15148 ||| INVOKING Heroism.
 15149 | Lair:3   | 15149 ||| INVOKING Finesse.
 15150 | Lair:3   | 15150 ||| SWAPPING to -1 demon whip of venom.
 15257 | Lair:3   | 15257 ||| UPGRADING to +2 broad axe of electrocution.
 15261 | Lair:3   | 15261 ||| DROPPING +0 flail of holy wrath.
 15262 | Lair:3   | 15262 ||| DROPPING +0 morningstar.
 15263 | Lair:3   | 15263 ||| DROPPING -1 demon whip of venom.
 15277 | Lair:3   | 15277 ||| INVOKING Heroism.
 15527 | Lair:3   | 15527 ||| Stepping ~*~*~tactically~*~*~ (stealth).
 15576 | Lair:3   | 15576 ||| Stepping ~*~*~tactically~*~*~ (hiding).
 15579 | Lair:3   | 15579 ||| INVOKING Heroism.
 15605 | Lair:3   | 15605 ||| Stepping ~*~*~tactically~*~*~ (hiding).
 15616 | Lair:3   | 15616 ||| FLEEEEING.
 15617 | Lair:3   | 15617 ||| FLEEEEING.
 15618 | Lair:3   | 15618 ||| FLEEEEING.
 15619 | Lair:3   | 15619 ||| FLEEEEING.
 15620 | Lair:3   | 15620 ||| FLEEEEING.
 15621 | Lair:3   | 15621 ||| FLEEEEING.
 15623 | Lair:3   | 15623 ||| FLEEEEING.
 15624 | Lair:3   | 15624 ||| FLEEEEING.
 15625 | Lair:3   | 15625 ||| FLEEEEING.
 15626 | Lair:3   | 15626 ||| FLEEEEING.
 15699 | Lair:3   | Received a gift from Okawaru
 15795 | Lair:3   | 15795 ||| INVOKING Heroism.
 15919 | Lair:3   | 15919 ||| Stepping ~*~*~tactically~*~*~ (stealth).
 15921 | Lair:3   | 15921 ||| Stepping ~*~*~tactically~*~*~ (hiding).
 15935 | Lair:3   | 15935 ||| INVOKING Heroism.
 16047 | Lair:3   | 16047 ||| INVOKING Heroism.
 16455 | Lair:3   | Found a staircase to the Swamp.
 16513 | Lair:3   | 16513 ||| Stepping ~*~*~tactically~*~*~ (stealth).
 16702 | Lair:4   | Received a gift from Okawaru
 16913 | Lair:4   | 16913 ||| INVOKING Heroism.
 16944 | Lair:4   | 16944 ||| READING scroll of enchant weapon.
 16944 | Lair:4   | 16944 ||| ENCHANTING +2 broad axe of electrocution.
 17377 | Lair:4   | 17377 ||| UPGRADING to scarf of resistance.
 17410 | Lair:5   | Entered Level 5 of the Lair of Beasts
 17411 | Lair:5   | 17411 ||| INVOKING Heroism.
 17412 | Lair:5   | 17412 ||| INVOKING Finesse.
 17423 | Lair:5   | Gained mutation: Your large and strong wings let you fly.
                  | [Gargoyle growth]
 17423 | Lair:5   | Reached XP level 14. HP: 91/99 MP: 14/21
 17427 | Lair:5   | Reached skill level 15 in Axes
 17443 | Lair:5   | 17443 ||| SWAPPING to +2 war axe of flaming.
 17460 | Lair:5   | 17460 ||| Stepping ~*~*~tactically~*~*~ (stealth).
 17461 | Lair:5   | 17461 ||| Stepping ~*~*~tactically~*~*~ (stealth).
 17508 | Lair:5   | 17508 ||| FLEEEEING.
 17509 | Lair:5   | 17509 ||| FLEEEEING.
 17510 | Lair:5   | 17510 ||| STAIRDANCE
 17564 | Lair:4   | 17564 ||| UPGRADING to +3 broad axe of electrocution.
 17567 | Lair:5   | 17567 ||| STAIRDANCE
 17641 | Lair:5   | 17641 ||| INVOKING Heroism.
 17655 | Lair:5   | 17655 ||| SWAPPING to +2 war axe of flaming.
 17708 | Lair:5   | 17708 ||| FLEEEEING.
 17709 | Lair:5   | 17709 ||| STAIRDANCE
 17783 | Lair:4   | 17783 ||| UPGRADING to +3 broad axe of electrocution.
 17792 | Lair:5   | Reached skill level 12 in Fighting
 17935 | Lair:5   | 17935 ||| Stepping ~*~*~tactically~*~*~ (hiding).
 17978 | Lair:5   | 17978 ||| Stepping ~*~*~tactically~*~*~ (stealth).
 17979 | Lair:5   | 17979 ||| INVOKING Heroism.
 17980 | Lair:5   | 17980 ||| INVOKING Finesse.
 17988 | Lair:5   | 17988 ||| SWAPPING to +2 war axe of flaming.
 18086 | Lair:5   | 18086 ||| UPGRADING to +3 broad axe of electrocution.
 18130 | Lair:5   | Found a viscous altar of Jiyva.
 18131 | Lair:5   | Found a staircase to the Slime Pits.
 18140 | Lair:5   | Received a gift from Okawaru
 18291 | Lair:5   | 18291 ||| Stepping ~*~*~tactically~*~*~ (stealth).
 18457 | Lair:5   | 18457 ||| INVOKING Heroism.
 18458 | Lair:5   | 18458 ||| INVOKING Finesse.
 18509 | Lair:5   | 18509 ||| INVOKING Heroism.
 18550 | Lair:5   | 18550 ||| INVOKING Finesse.
 18553 | Lair:5   | 18553 ||| Stepping ~*~*~tactically~*~*~ (stealth).
 18630 | Lair:5   | 18630 ||| Stepping ~*~*~tactically~*~*~ (stealth).
 18633 | Lair:5   | 18633 ||| Stepping ~*~*~tactically~*~*~ (stealth).
 18635 | Lair:5   | 18635 ||| Stepping ~*~*~tactically~*~*~ (stealth).
 18642 | Lair:5   | 18642 ||| Stepping ~*~*~tactically~*~*~ (stealth).
 18696 | Lair:5   | 18696 ||| Stepping ~*~*~tactically~*~*~ (stealth).
 18697 | Lair:5   | 18697 ||| Stepping ~*~*~tactically~*~*~ (stealth).
 18702 | Lair:5   | 18702 ||| Stepping ~*~*~tactically~*~*~ (stealth).
 18709 | Lair:5   | 18709 ||| INVOKING Heroism.
 18710 | Lair:5   | 18710 ||| INVOKING Finesse.
 18723 | Lair:5   | Reached skill level 16 in Axes
 18776 | Lair:5   | 18776 ||| INVOKING Heroism.
 18803 | Lair:5   | Identified the +8 chain mail "Ile Feda" {rC+}
 18834 | Lair:5   | 18834 ||| Stepping ~*~*~tactically~*~*~ (hiding).
 18836 | Lair:5   | 18836 ||| Stepping ~*~*~tactically~*~*~ (hiding).
 18968 | Lair:5   | 18968 ||| Stepping ~*~*~tactically~*~*~ (stealth).
 18970 | Lair:5   | 18970 ||| INVOKING Heroism.
 19030 | Lair:5   | 19030 ||| Stepping ~*~*~tactically~*~*~ (stealth).
 19061 | Lair:5   | Identified the +0 plate armour of Fuiboux {-Tele rF+ Str+9
                  | Int-5}
 19128 | Lair:5   | 19128 ||| PLANNING D
 19128 | Lair:5   | 19128 ||| UPGRADING to +8 chain mail "Ile Feda" {rC+}.
 19138 | Lair:5   | 19138 ||| DROPPING +0 plate armour.
 19139 | Lair:5   | 19139 ||| READING scroll labelled YTICRA LORILLU.
 19326 | D:12     | 19326 ||| INVOKING Heroism.
 19328 | D:12     | 19328 ||| Stepping ~*~*~tactically~*~*~ (stealth).
 19399 | D:12     | 19399 ||| Stepping ~*~*~tactically~*~*~ (stealth).
 19406 | D:12     | 19406 ||| Stepping ~*~*~tactically~*~*~ (stealth).
 19419 | D:12     | 19419 ||| Stepping ~*~*~tactically~*~*~ (stealth).
 19421 | D:12     | 19421 ||| Stepping ~*~*~tactically~*~*~ (hiding).
 19423 | D:12     | 19423 ||| Stepping ~*~*~tactically~*~*~ (hiding).
 19425 | D:12     | 19425 ||| Stepping ~*~*~tactically~*~*~ (hiding).
 19426 | D:12     | 19426 ||| Stepping ~*~*~tactically~*~*~ (hiding).
 19458 | D:12     | 19458 ||| Stepping ~*~*~tactically~*~*~ (stealth).
 19460 | D:12     | 19460 ||| Stepping ~*~*~tactically~*~*~ (hiding).
 19461 | D:12     | 19461 ||| Stepping ~*~*~tactically~*~*~ (hiding).
 19462 | D:12     | 19462 ||| Stepping ~*~*~tactically~*~*~ (hiding).
 19463 | D:12     | 19463 ||| Stepping ~*~*~tactically~*~*~ (hiding).
 19567 | D:12     | 19567 ||| Stepping ~*~*~tactically~*~*~ (stealth).
 19569 | D:12     | 19569 ||| Stepping ~*~*~tactically~*~*~ (stealth).
 19933 | D:12     | 19933 ||| Stepping ~*~*~tactically~*~*~ (hiding).
 19942 | D:12     | Reached skill level 6 in Throwing
 19965 | D:12     | 19965 ||| Stepping ~*~*~tactically~*~*~ (stealth).
 19973 | D:12     | 19973 ||| Stepping ~*~*~tactically~*~*~ (hiding).
 19993 | D:12     | Noticed Jorgrun
 19994 | D:12     | 19994 ||| INVOKING Heroism.
 19995 | D:12     | 19995 ||| INVOKING Finesse.
 20017 | D:12     | Killed Jorgrun
 20018 | D:12     | Reached XP level 15. HP: 65/105 MP: 15/22
 20345 | D:12     | 20345 ||| READING scroll labelled FAAFIR ISET.
 20356 | D:13     | 20356 ||| PLANNING GAUNTLET
 20364 | D:13     | 20364 ||| Stepping randomly (disturbance).
 20365 | D:13     | 20365 ||| Stepping randomly (disturbance).
 20366 | D:13     | 20366 ||| Stepping randomly (disturbance).
 20367 | D:13     | 20367 ||| Stepping randomly (disturbance).
 20368 | D:13     | 20368 ||| Stepping randomly (disturbance).
 20370 | D:13     | 20370 ||| Stepping randomly (disturbance).
 20371 | D:13     | 20371 ||| Stepping randomly (disturbance).
 20372 | D:13     | 20372 ||| Stepping randomly (disturbance).
 20373 | D:13     | 20373 ||| Stepping randomly (disturbance).
 20374 | D:13     | 20374 ||| Stepping randomly (disturbance).
 20376 | D:13     | 20376 ||| Stepping randomly (disturbance).
 20378 | D:13     | 20378 ||| Stepping randomly (disturbance).
 20586 | D:13     | Received a gift from Okawaru
 20590 | D:13     | 20590 ||| DROPPING +1 heavy broad axe.
 20605 | D:13     | 20605 ||| Stepping ~*~*~tactically~*~*~ (stealth).
 20609 | D:13     | 20609 ||| Stepping ~*~*~tactically~*~*~ (hiding).
 20642 | D:13     | 20642 ||| INVOKING Heroism.
 20654 | D:13     | 20654 ||| FLEEEEING.
 20655 | D:13     | 20655 ||| FLEEEEING.
 20656 | D:13     | 20656 ||| FLEEEEING.
 20657 | D:13     | 20657 ||| FLEEEEING.
 20658 | D:13     | 20658 ||| FLEEEEING.
 20662 | D:13     | 20662 ||| FLEEEEING.
 20665 | D:13     | 20665 ||| FLEEEEING.
 20666 | D:13     | 20666 ||| FLEEEEING.
 20667 | D:13     | 20667 ||| FLEEEEING.
 20669 | D:13     | 20669 ||| FLEEEEING.
 20673 | D:13     | 20673 ||| FLEEEEING.
 20794 | D:13     | 20794 ||| RIP GAUNTLET
 20815 | D:13     | 20815 ||| PLANNING D
 20844 | D:13     | 20844 ||| Stepping ~*~*~tactically~*~*~ (hiding).
 20845 | D:13     | 20845 ||| INVOKING Heroism.
 20856 | D:13     | 20856 ||| INVOKING Finesse.
 20865 | D:13     | 20865 ||| Stepping ~*~*~tactically~*~*~ (hiding).
 20930 | D:13     | 20930 ||| Stepping ~*~*~tactically~*~*~ (hiding).
 20933 | D:13     | 20933 ||| Stepping ~*~*~tactically~*~*~ (hiding).
 20934 | D:13     | 20934 ||| Stepping ~*~*~tactically~*~*~ (hiding).
 20955 | D:13     | Noticed Azrael
 20956 | D:13     | 20956 ||| INVOKING Heroism.
 20957 | D:13     | 20957 ||| INVOKING Finesse.
 20975 | D:13     | Killed Azrael
 20984 | D:13     | 20984 ||| Stepping ~*~*~tactically~*~*~ (stealth).
 20990 | D:13     | 20990 ||| Stepping ~*~*~tactically~*~*~ (hiding).
 20991 | D:13     | 20991 ||| Stepping ~*~*~tactically~*~*~ (hiding).
 21023 | D:13     | 21023 ||| Stepping randomly (disturbance).
 21024 | D:13     | 21024 ||| Stepping randomly (disturbance).
 21063 | D:13     | 21063 ||| Stepping ~*~*~tactically~*~*~ (hiding).
 21253 | D:13     | Found a gate to the Vaults.
 21320 | D:13     | 21320 ||| INVOKING Heroism.
 21321 | D:13     | 21321 ||| SWAPPING to +2 war axe of flaming.
 21327 | D:13     | 21327 ||| UPGRADING to +3 broad axe of electrocution.
 21365 | D:13     | 21365 ||| Stepping ~*~*~tactically~*~*~ (hiding).
 21533 | D:13     | Found a radiant altar of Vehumet.
 21921 | D:13     | Reached skill level 17 in Axes
 22017 | D:13     | 22017 ||| DRINKING 2 grey potions.
 22018 | D:13     | 22018 ||| DROPPING potion of degeneration.
 22106 | D:14     | 22106 ||| INVOKING Heroism.
 22109 | D:14     | 22109 ||| SWAPPING to +2 war axe of flaming.
 22113 | D:14     | Received a gift from Okawaru
 22119 | D:14     | 22119 ||| UPGRADING to +3 broad axe of electrocution.
 22327 | D:14     | 22327 ||| INVOKING Heroism.
 22888 | D:14     | 22888 ||| READING 2 scrolls of teleportation.
 22889 | D:14     | 22889 ||| INVOKING Heroism.
 23389 | D:15     | Entered Level 15 of the Dungeon
 23405 | D:15     | 23405 ||| INVOKING Heroism.
 23413 | D:15     | HP: 23/107 [tengu warrior/+0 great sword (9)]
 23414 | D:15     | 23414 ||| READING scroll of teleportation.
 23414 | D:15     | HP: 10/107 [tengu warrior/+0 great sword (13)]
 23415 | D:15     | 23415 ||| DRINKING 5 potions of heal wounds.
 23416 | D:15     | 23416 ||| DRINKING 4 potions of heal wounds.
 23422 | D:15     | 23422 ||| Stepping ~*~*~tactically~*~*~ (stealth).
 23423 | D:15     | 23423 ||| Stepping ~*~*~tactically~*~*~ (hiding).
 23445 | D:15     | Received a gift from Okawaru
 23449 | D:15     | 23449 ||| INVOKING Heroism.
 23461 | D:15     | 23461 ||| Stepping ~*~*~tactically~*~*~ (stealth).
 23463 | D:15     | 23463 ||| Stepping ~*~*~tactically~*~*~ (stealth).
 23479 | D:15     | 23479 ||| INVOKING Heroism.
 23767 | D:15     | Found Sorat's General Store.
 23773 | D:15     | 23773 ||| INVOKING Heroism.
 23775 | D:15     | 23775 ||| SWAPPING to +2 war axe of flaming.
 23776 | D:15     | Received a gift from Okawaru
 23777 | D:15     | 23777 ||| UPGRADING to +3 broad axe of electrocution.
 23793 | D:15     | 23793 ||| BUYING potion of mutation (112 gold).
 23793 | D:15     | Bought a potion of mutation for 112 gold pieces
 23793 | D:15     | 23793 ||| BUYING ring of see invisible (210 gold).
 23793 | D:15     | Bought a ring of see invisible for 210 gold pieces
 23793 | D:15     | 23793 ||| BUYING ring of see invisible (210 gold).
 23793 | D:15     | Bought a ring of see invisible for 210 gold pieces
 23793 | D:15     | 23793 ||| BUYING scroll of enchant weapon (105 gold).
 23793 | D:15     | Bought a scroll of enchant weapon for 105 gold pieces
 23793 | D:15     | 23793 ||| BUYING scroll of teleportation (42 gold).
 23793 | D:15     | Bought a scroll of teleportation for 42 gold pieces
 23793 | D:15     | 23793 ||| READING scroll of enchant weapon.
 23793 | D:15     | 23793 ||| ENCHANTING +3 broad axe of electrocution.
 23950 | D:15     | 23950 ||| Stepping ~*~*~tactically~*~*~ (hiding).
 23987 | D:15     | 23987 ||| Stepping ~*~*~tactically~*~*~ (hiding).
 23991 | D:15     | 23991 ||| INVOKING Heroism.
 24000 | D:15     | Received a gift from Okawaru
 24060 | D:15     | Found a staircase to the Depths.
 24136 | D:15     | 24136 ||| Stepping ~*~*~tactically~*~*~ (stealth).
 24138 | D:15     | 24138 ||| Stepping ~*~*~tactically~*~*~ (stealth).
 24141 | D:15     | 24141 ||| Stepping ~*~*~tactically~*~*~ (hiding).
 24166 | D:15     | 24166 ||| FLEEEEING.
 24167 | D:15     | 24167 ||| FLEEEEING.
 24168 | D:15     | 24168 ||| FLEEEEING.
 24173 | D:15     | 24173 ||| STAIRDANCE
 24212 | D:14     | 24212 ||| UPGRADING to +0 kite shield.
 24222 | D:14     | 24222 ||| DROPPING +0 buckler.
 24223 | D:14     | 24223 ||| UPGRADING to ring of see invisible.
 24225 | D:14     | 24225 ||| UPGRADING to ring of willpower.
 24229 | D:15     | 24229 ||| INVOKING Heroism.
 24309 | D:15     | 24309 ||| INVOKING Heroism.
 24313 | D:15     | Reached skill level 9 in Shields
 24366 | D:15     | Found a transporter.
 24368 | D:15     | Found a transporter.
 24372 | D:15     | Found a transporter.
 24426 | D:15     | 24426 ||| Stepping ~*~*~tactically~*~*~ (hiding).
 24427 | D:15     | Found a transporter.
 24676 | D:15     | 24676 ||| PLANNING ORC
 24676 | D:15     | 24676 ||| READING scroll labelled XAF PAILIGIDY.
 24762 | Orc:1    | Entered Level 1 of the Orcish Mines
 24941 | Orc:2    | Entered Level 2 of the Orcish Mines
 24942 | Orc:2    | 24942 ||| PLANNING BAZAAR
 24960 | Orc:2    | Found a staircase to the Elven Halls.
 25282 | Orc:2    | 25282 ||| Stepping ~*~*~tactically~*~*~ (hiding).
 25287 | Orc:2    | 25287 ||| INVOKING Heroism.
 25288 | Orc:2    | Noticed Nergalle
 25305 | Orc:2    | Killed Nergalle
 25311 | Orc:2    | Reached XP level 16. HP: 36/114 MP: 23/23
 25314 | Orc:2    | HP: 22/114 [orc warrior/+0 halberd[an orc warlord] (8)]
 25315 | Orc:2    | 25315 ||| READING scroll of teleportation.
 25316 | Orc:2    | 25316 ||| DRINKING 3 potions of heal wounds.
 25319 | Orc:2    | 25319 ||| FLEEEEING.
 25320 | Orc:2    | 25320 ||| FLEEEEING.
 25323 | Orc:2    | HP: 27/114 [orc high priest/divine providence (13)]
 25324 | Orc:2    | 25324 ||| DRINKING 2 potions of heal wounds.
 25333 | Orc:2    | HP: 28/114 [orc knight/+2 battleaxe (8)]
 25334 | Orc:2    | 25334 ||| DRINKING potion of heal wounds.
 25338 | Orc:2    | HP: 28/114 [orc knight/+2 battleaxe (18)]
 25341 | Orc:2    | 25341 ||| INVOKING Heroism.
 25345 | Orc:2    | Received a gift from Okawaru
 25367 | Orc:2    | 25367 ||| FLEEEEING.
 25410 | Orc:2    | 25410 ||| FLEEEEING.
 25411 | Orc:2    | 25411 ||| FLEEEEING.
 25412 | Orc:2    | 25412 ||| FLEEEEING.
 25413 | Orc:2    | 25413 ||| FLEEEEING.
 25419 | Orc:2    | 25419 ||| STAIRDANCE
 25421 | Orc:1    | 25421 ||| INVOKING Heroism.
 25429 | Orc:1    | 25429 ||| Stepping ~*~*~tactically~*~*~ (stealth).
 25430 | Orc:1    | 25430 ||| Stepping ~*~*~tactically~*~*~ (hiding).
 25430 | Orc:1    | HP: 22/114 [orc priest/divine providence (10)]
 25431 | Orc:1    | 25431 ||| Stepping ~*~*~tactically~*~*~ (hiding).
 25432 | Orc:1    | 25432 ||| Stepping ~*~*~tactically~*~*~ (hiding).
 25439 | Orc:1    | HP: 23/114 [orc priest/+1 short sword of venom (2)]
 25443 | Orc:1    | HP: 4/114 [orc priest/divine providence (12)]
 25456 | Orc:1    | 25456 ||| Stepping ~*~*~tactically~*~*~ (hiding).
 25462 | Orc:1    | 25462 ||| INVOKING Heroism.
 25465 | Orc:1    | 25465 ||| Stepping ~*~*~tactically~*~*~ (hiding).
 25466 | Orc:1    | 25466 ||| Stepping ~*~*~tactically~*~*~ (hiding).
 25467 | Orc:1    | 25467 ||| Stepping ~*~*~tactically~*~*~ (hiding).
 25475 | Orc:1    | HP: 11/114 [orc sorcerer/+0 dagger (4)]
 25928 | Orc:2    | 25928 ||| Stepping ~*~*~tactically~*~*~ (hiding).
 25929 | Orc:2    | 25929 ||| Stepping ~*~*~tactically~*~*~ (hiding).
 25932 | Orc:2    | 25932 ||| Stepping ~*~*~tactically~*~*~ (hiding).
 25934 | Orc:2    | 25934 ||| Stepping ~*~*~tactically~*~*~ (hiding).
 26045 | Orc:2    | 26045 ||| Stepping ~*~*~tactically~*~*~ (hiding).
 26056 | Orc:2    | Found Paolees's Antique Armour Shoppe.
 26067 | Orc:2    | Found Acolid's Antique Weapon Shoppe.
 26081 | Orc:2    | Found Teata's General Store.
 26098 | Orc:2    | 26098 ||| BUYING +1 plate armour of Sugrupt Erue {-Cast
                  | Harm rC++ Str+3} (569 gold).
 26098 | Orc:2    | Bought the +1 plate armour of Sugrupt Erue {-Cast Harm rC++
                  | Str+3} for 569 gold pieces
 26098 | Orc:2    | 26098 ||| BUYING ring of protection from cold (275 gold).
 26098 | Orc:2    | Bought a ring of protection from cold for 275 gold pieces
 26130 | Orc:2    | 26130 ||| SHOPLISTING +10 tower shield of Ignorance {rN+
                  | Int-4} (1260 gold, have 923).
 26130 | Orc:2    | 26130 ||| BUYING runed scarf (176 gold).
 26130 | Orc:2    | Bought a runed scarf for 176 gold pieces
 26165 | Orc:2    | Found a flickering gateway to a bazaar.
 26166 | Orc:2    | 26166 ||| DROPPING scarf of repulsion.
 26167 | Orc:2    | 26167 ||| DROPPING ring of ice.
 26176 | Bazaar   | Entered a bazaar
 26178 | Bazaar   | Found Eperitto's Distillery.
 26182 | Bazaar   | 26182 ||| BUYING potion of haste (110 gold).
 26182 | Bazaar   | Bought a potion of haste for 110 gold pieces
 26182 | Bazaar   | 26182 ||| BUYING potion of haste (110 gold).
 26182 | Bazaar   | Bought a potion of haste for 110 gold pieces
 26182 | Bazaar   | 26182 ||| BUYING potion of lignification (33 gold).
 26182 | Bazaar   | Bought a potion of lignification for 33 gold pieces
 26182 | Bazaar   | 26182 ||| BUYING potion of lignification (33 gold).
 26182 | Bazaar   | Bought a potion of lignification for 33 gold pieces
 26182 | Bazaar   | 26182 ||| BUYING potion of magic (88 gold).
 26182 | Bazaar   | Bought a potion of magic for 88 gold pieces
 26182 | Bazaar   | 26182 ||| BUYING potion of might (44 gold).
 26182 | Bazaar   | Bought a potion of might for 44 gold pieces
 26182 | Bazaar   | 26182 ||| BUYING potion of mutation (88 gold).
 26182 | Bazaar   | Bought a potion of mutation for 88 gold pieces
 26182 | Bazaar   | Found Tehiynee's Magic Scroll Boutique.
 26182 | Bazaar   | Found Gagiexim's General Store.
 26183 | Bazaar   | Found Akeaquus's Armour Boutique.
 26193 | Bazaar   | 26193 ||| BUYING 2 scrolls of identify (40 gold).
 26193 | Bazaar   | Bought 2 scrolls of identify for 40 gold pieces
 26193 | Bazaar   | 26193 ||| BUYING scroll of identify (20 gold).
 26193 | Bazaar   | Bought a scroll of identify for 20 gold pieces
 26193 | Bazaar   | 26193 ||| BUYING scroll of teleportation (30 gold).
 26193 | Bazaar   | Bought a scroll of teleportation for 30 gold pieces
 26198 | Bazaar   | 26198 ||| BUYING potion of haste (60 gold).
 26198 | Bazaar   | Bought a potion of haste for 60 gold pieces
 26198 | Bazaar   | 26198 ||| BUYING potion of might (24 gold).
 26198 | Bazaar   | Bought a potion of might for 24 gold pieces
 26198 | Bazaar   | 26198 ||| BUYING scroll of identify (12 gold).
 26198 | Bazaar   | Bought a scroll of identify for 12 gold pieces
 26210 | Orc:2    | 26210 ||| PLANNING ORC
 26251 | Orc:2    | Found Owoa's Jewellery Shoppe.
 26257 | Orc:2    | 26257 ||| SHOPLISTING +6 ring of dexterity (468 gold, have
                  | 55).
 26257 | Orc:2    | 26257 ||| SHOPLISTING +6 ring of strength (468 gold, have
                  | 55).
 26257 | Orc:2    | 26257 ||| SHOPLISTING amulet of reflection (390 gold, have
                  | 55).
 26257 | Orc:2    | 26257 ||| SHOPLISTING ring "Xudilio" {rC+ Will+ rCorr EV+5
                  | Str+3} (877 gold, have 55).
 26257 | Orc:2    | 26257 ||| SHOPLISTING ring of protection from cold (325
                  | gold, have 55).
 26384 | Orc:2    | 26384 ||| PLANNING SWAMP:1-3
 26560 | Swamp:1  | Entered Level 1 of the Swamp
 26561 | Swamp:1  | 26561 ||| INVOKING Heroism.
 26568 | Swamp:1  | 26568 ||| SWAPPING to +2 war axe of flaming.
 26641 | Swamp:1  | 26641 ||| INVOKING Heroism.
 26643 | Swamp:1  | 26643 ||| Stepping ~*~*~tactically~*~*~ (cloud).
 26747 | Swamp:1  | 26747 ||| UPGRADING to +4 broad axe of electrocution.
 26760 | Swamp:1  | Found a glowing silver altar of Zin.
 26770 | Swamp:1  | 26770 ||| INVOKING Heroism.
 26773 | Swamp:1  | 26773 ||| SWAPPING to +2 war axe of flaming.
 26833 | Swamp:1  | 26833 ||| UPGRADING to +4 broad axe of electrocution.
 26868 | Swamp:1  | 26868 ||| Stepping ~*~*~tactically~*~*~ (hiding).
 26872 | Swamp:1  | 26872 ||| Stepping ~*~*~tactically~*~*~ (hiding).
 27080 | Swamp:1  | 27080 ||| Stepping ~*~*~tactically~*~*~ (hiding).
 27133 | Swamp:1  | 27133 ||| INVOKING Heroism.
 27137 | Swamp:1  | 27137 ||| SWAPPING to +2 war axe of flaming.
 27140 | Swamp:1  | 27140 ||| UPGRADING to +4 broad axe of electrocution.
 27191 | Swamp:1  | 27191 ||| INVOKING Heroism.
 27197 | Swamp:1  | Reached skill level 12 in Shields
 27276 | Swamp:1  | 27276 ||| Stepping ~*~*~tactically~*~*~ (hiding).
 27393 | Swamp:1  | 27393 ||| Stepping ~*~*~tactically~*~*~ (hiding).
 27395 | Swamp:1  | 27395 ||| INVOKING Heroism.
 27413 | Swamp:1  | 27413 ||| Stepping ~*~*~tactically~*~*~ (stealth).
 27442 | Swamp:1  | 27442 ||| INVOKING Heroism.
 27473 | Swamp:1  | 27473 ||| INVOKING Heroism.
 27834 | Swamp:1  | 27834 ||| FLEEEEING.
 27836 | Swamp:1  | 27836 ||| FLEEEEING.
 27838 | Swamp:1  | 27838 ||| FLEEEEING.
 27851 | Swamp:1  | 27851 ||| FLEEEEING.
 27852 | Swamp:1  | 27852 ||| FLEEEEING.
 27853 | Swamp:1  | 27853 ||| FLEEEEING.
 27854 | Swamp:1  | 27854 ||| FLEEEEING.
 27862 | Swamp:1  | 27862 ||| FLEEEEING.
 27863 | Swamp:1  | 27863 ||| FLEEEEING.
 27864 | Swamp:1  | 27864 ||| FLEEEEING.
 27866 | Swamp:1  | 27866 ||| FLEEEEING.
 27867 | Swamp:1  | 27867 ||| FLEEEEING.
 27868 | Swamp:1  | 27868 ||| FLEEEEING.
 27869 | Swamp:1  | 27869 ||| FLEEEEING.
 27884 | Swamp:1  | 27884 ||| FLEEEEING.
 27889 | Swamp:1  | 27889 ||| FLEEEEING.
 27890 | Swamp:1  | 27890 ||| FLEEEEING.
 27891 | Swamp:1  | 27891 ||| FLEEEEING.
 27895 | Swamp:1  | 27895 ||| STAIRDANCE
 28060 | Swamp:1  | 28060 ||| Stepping ~*~*~tactically~*~*~ (stealth).
 28098 | Swamp:1  | Reached skill level 3 in Dodging
 28218 | Swamp:1  | 28218 ||| Stepping ~*~*~tactically~*~*~ (stealth).
 28219 | Swamp:1  | 28219 ||| Stepping ~*~*~tactically~*~*~ (stealth).
 28222 | Swamp:1  | 28222 ||| Stepping ~*~*~tactically~*~*~ (stealth).
 28344 | Swamp:2  | 28344 ||| Stepping ~*~*~tactically~*~*~ (hiding).
 28421 | Swamp:2  | 28421 ||| Stepping ~*~*~tactically~*~*~ (stealth).
 28424 | Swamp:2  | 28424 ||| Stepping ~*~*~tactically~*~*~ (stealth).
 28425 | Swamp:2  | 28425 ||| Stepping ~*~*~tactically~*~*~ (stealth).
 28426 | Swamp:2  | 28426 ||| Stepping ~*~*~tactically~*~*~ (stealth).
 28427 | Swamp:2  | 28427 ||| INVOKING Heroism.
 28430 | Swamp:2  | 28430 ||| SWAPPING to +2 war axe of flaming.
 28435 | Swamp:2  | 28435 ||| UPGRADING to +4 broad axe of electrocution.
 28444 | Swamp:2  | Found a runed translucent gate.
 28445 | Swamp:2  | Found a runed translucent gate.
 28502 | Swamp:2  | Noticed a thorn hunter
 28503 | Swamp:2  | 28503 ||| INVOKING Heroism.
 28522 | Swamp:2  | Killed a thorn hunter
 28566 | Swamp:2  | 28566 ||| FLEEEEING.
 28568 | Swamp:2  | 28568 ||| FLEEEEING.
 28569 | Swamp:2  | 28569 ||| INVOKING Heroism.
 28577 | Swamp:2  | Reached skill level 18 in Axes
 28583 | Swamp:2  | Noticed a thorn hunter
 28584 | Swamp:2  | 28584 ||| Stepping ~*~*~tactically~*~*~ (stealth).
 28586 | Swamp:2  | 28586 ||| Stepping ~*~*~tactically~*~*~ (stealth).
 28610 | Swamp:2  | 28610 ||| Stepping ~*~*~tactically~*~*~ (hiding).
 28611 | Swamp:2  | 28611 ||| Stepping ~*~*~tactically~*~*~ (hiding).
 28613 | Swamp:2  | 28613 ||| INVOKING Heroism.
 28776 | Swamp:2  | 28776 ||| Stepping ~*~*~tactically~*~*~ (hiding).
 28779 | Swamp:2  | 28779 ||| Stepping ~*~*~tactically~*~*~ (hiding).
 28782 | Swamp:2  | 28782 ||| Stepping ~*~*~tactically~*~*~ (hiding).
 28783 | Swamp:2  | 28783 ||| Stepping ~*~*~tactically~*~*~ (hiding).
 28784 | Swamp:2  | 28784 ||| INVOKING Heroism.
 28811 | Swamp:2  | 28811 ||| Stepping ~*~*~tactically~*~*~ (stealth).
 28823 | Swamp:2  | Killed a thorn hunter
 28824 | Swamp:2  | 28824 ||| INVOKING Finesse.
 28826 | Swamp:2  | 28826 ||| INVOKING Heroism.
 29025 | Swamp:2  | 29025 ||| Stepping ~*~*~tactically~*~*~ (hiding).
 29128 | Swamp:2  | 29128 ||| Stepping ~*~*~tactically~*~*~ (stealth).
 29133 | Swamp:2  | 29133 ||| Stepping ~*~*~tactically~*~*~ (hiding).
 29239 | Swamp:2  | 29239 ||| Stepping ~*~*~tactically~*~*~ (hiding).
 29243 | Swamp:2  | 29243 ||| Stepping ~*~*~tactically~*~*~ (hiding).
 29244 | Swamp:2  | 29244 ||| INVOKING Heroism.
 29288 | Swamp:2  | 29288 ||| INVOKING Heroism.
 29326 | Swamp:2  | 29326 ||| INVOKING Heroism.
 29443 | Swamp:2  | Identified the +6 rapier of Hard Scrabble {flame, rElec rC-
                  | rN+}
 29512 | Swamp:2  | 29512 ||| INVOKING Heroism.
 29590 | Swamp:2  | 29590 ||| Stepping ~*~*~tactically~*~*~ (hiding).
 29592 | Swamp:2  | 29592 ||| INVOKING Heroism.
 29633 | Swamp:2  | Identified the +6 great sword "Huebbymepn" {vamp, Fly
                  | Stlth+}
 29715 | Swamp:2  | 29715 ||| Stepping ~*~*~tactically~*~*~ (hiding).
 29716 | Swamp:2  | 29716 ||| Stepping ~*~*~tactically~*~*~ (hiding).
 29723 | Swamp:2  | 29723 ||| INVOKING Heroism.
 29786 | Swamp:2  | 29786 ||| INVOKING Heroism.
 29972 | Swamp:2  | Found a runed translucent gate.
 29972 | Swamp:2  | Noticed Qemahefa's ghost (adept GrFi)
 31325 | Swamp:3  | 31325 ||| Stepping ~*~*~tactically~*~*~ (hiding).
 31413 | Swamp:3  | 31413 ||| Stepping ~*~*~tactically~*~*~ (stealth).
 31452 | Swamp:3  | Noticed a thorn hunter
 31453 | Swamp:3  | 31453 ||| INVOKING Heroism.
 31472 | Swamp:3  | Killed a thorn hunter
 31472 | Swamp:3  | Received a gift from Okawaru
 31599 | Swamp:3  | 31599 ||| INVOKING Heroism.
 31602 | Swamp:3  | 31602 ||| SWAPPING to +2 war axe of flaming.
 31606 | Swamp:3  | 31606 ||| UPGRADING to +4 broad axe of electrocution.
 31711 | Swamp:3  | 31711 ||| INVOKING Heroism.
 31715 | Swamp:3  | 31715 ||| SWAPPING to +2 war axe of flaming.
 31737 | Swamp:3  | HP: 19/116 [will-o-the-wisp/foxfire (15)]
 31738 | Swamp:3  | 31738 ||| READING 3 scrolls of teleportation.
 31739 | Swamp:3  | 31739 ||| DRINKING 2 potions of heal wounds.
 31793 | Swamp:3  | 31793 ||| Stepping ~*~*~tactically~*~*~ (stealth).
 31795 | Swamp:3  | 31795 ||| Stepping ~*~*~tactically~*~*~ (stealth).
 31796 | Swamp:3  | 31796 ||| Stepping ~*~*~tactically~*~*~ (stealth).
 31799 | Swamp:3  | 31799 ||| INVOKING Heroism.
 31808 | Swamp:3  | Reached XP level 17. HP: 56/122 MP: 22/24
 31927 | Swamp:3  | 31927 ||| Stepping ~*~*~tactically~*~*~ (stealth).
 31929 | Swamp:3  | 31929 ||| Stepping ~*~*~tactically~*~*~ (stealth).
 31930 | Swamp:3  | 31930 ||| Stepping ~*~*~tactically~*~*~ (stealth).
 32007 | Swamp:3  | 32007 ||| UPGRADING to +4 broad axe of electrocution.
 32228 | Swamp:3  | Received a gift from Okawaru
 32229 | Swamp:3  | 32229 ||| INVOKING Heroism.
 32433 | Swamp:3  | Identified the +1 robe "Duuckiku" {Rampage rCorr}
 32548 | Swamp:3  | 32548 ||| Stepping ~*~*~tactically~*~*~ (cloud).
 32770 | Swamp:3  | 32770 ||| PLANNING SPIDER:1-3
 32888 | Spider:1 | Entered Level 1 of the Spider Nest
 32930 | Spider:1 | 32930 ||| INVOKING Heroism.
 33033 | Spider:1 | 33033 ||| READING scroll of brand weapon.
 33033 | Spider:1 | 33033 ||| BRANDING +4 broad axe of electrocution.
 33069 | Spider:1 | 33069 ||| READING scroll of enchant weapon.
 33069 | Spider:1 | 33069 ||| ENCHANTING +4 broad axe of freezing.
 33127 | Spider:1 | 33127 ||| INVOKING Heroism.
 33330 | Spider:1 | Noticed Donald
 33331 | Spider:1 | 33331 ||| INVOKING Heroism.
 33336 | Spider:1 | Killed Donald
 33374 | Spider:1 | 33374 ||| UPGRADING to +2 kite shield.
 33384 | Spider:1 | 33384 ||| DROPPING +0 kite shield.
 33497 | Spider:2 | 33497 ||| DRINKING 7 potions of curing.
 33497 | Spider:2 | 33497 ||| (to cure confusion)
 33498 | Spider:2 | 33498 ||| DRINKING 6 potions of curing.
 33498 | Spider:2 | 33498 ||| (to cure confusion)
 33589 | Spider:2 | 33589 ||| INVOKING Heroism.
 33604 | Spider:2 | Received a gift from Okawaru
 33841 | Spider:2 | Reached skill level 15 in Fighting
 33850 | Spider:2 | 33850 ||| INVOKING Heroism.
 33931 | Spider:2 | Received a gift from Okawaru
 33935 | Spider:2 | 33935 ||| INVOKING Heroism.
 34077 | Spider:2 | 34077 ||| INVOKING Heroism.
 34088 | Spider:2 | HP: 29/124 [entropy weaver (6)]
 34089 | Spider:2 | 34089 ||| READING 4 scrolls of teleportation.
 34090 | Spider:2 | 34090 ||| DRINKING potion of heal wounds.
 34156 | Spider:2 | 34156 ||| INVOKING Heroism.
 34170 | Spider:2 | Received a gift from Okawaru
 34351 | Spider:2 | 34351 ||| Stepping ~*~*~tactically~*~*~ (stealth).
 34352 | Spider:2 | 34352 ||| Stepping ~*~*~tactically~*~*~ (stealth).
 34505 | Spider:2 | 34505 ||| Stepping ~*~*~tactically~*~*~ (hiding).
 34508 | Spider:2 | 34508 ||| Stepping ~*~*~tactically~*~*~ (hiding).
 34522 | Spider:2 | 34522 ||| Stepping ~*~*~tactically~*~*~ (stealth).
 34533 | Spider:2 | 34533 ||| INVOKING Heroism.
 34564 | Spider:2 | Reached skill level 15 in Shields
 34581 | Spider:2 | 34581 ||| Stepping ~*~*~tactically~*~*~ (hiding).
 34582 | Spider:2 | 34582 ||| Stepping ~*~*~tactically~*~*~ (hiding).
 34980 | Spider:2 | 34980 ||| Stepping ~*~*~tactically~*~*~ (stealth).
 35181 | Spider:2 | 35181 ||| READING scroll of enchant armour.
 35181 | Spider:2 | 35181 ||| ENCHANTING +1 pair of gloves.
 35256 | Spider:2 | 35256 ||| DROPPING ring of ice.
 35303 | Spider:3 | 35303 ||| Stepping ~*~*~tactically~*~*~ (stealth).
 35306 | Spider:3 | 35306 ||| INVOKING Heroism.
 35335 | Spider:3 | 35335 ||| Stepping ~*~*~tactically~*~*~ (stealth).
 35366 | Spider:3 | 35366 ||| Stepping ~*~*~tactically~*~*~ (stealth).
 35367 | Spider:3 | 35367 ||| Stepping ~*~*~tactically~*~*~ (stealth).
 35369 | Spider:3 | 35369 ||| Stepping ~*~*~tactically~*~*~ (stealth).
 35370 | Spider:3 | 35370 ||| Stepping ~*~*~tactically~*~*~ (stealth).
 35371 | Spider:3 | 35371 ||| Stepping ~*~*~tactically~*~*~ (stealth).
 35409 | Spider:3 | 35409 ||| INVOKING Heroism.
 35428 | Spider:3 | Received a gift from Okawaru
 35446 | Spider:3 | HP: 11/126 [disintegration (26)]
 35447 | Spider:3 | 35447 ||| READING 4 scrolls of teleportation.
 35449 | Spider:3 | HP: 4/126 [culicivora (8)]
 35451 | Spider:3 | 35451 ||| READING 3 scrolls of teleportation.
 35454 | Spider:3 | Mangled by a culicivora

Levels and vault maps discovered:
D:1:      dpeg_arrival_arbitrary_a, layout_loops_ring, serial_shops, shop
D:2:      layout_loops_ring, amcnicky_mini_corridor_feature, fountainhead,
          serial_bayou_ford_a, skrybe_limestone_x, kennysheep_generic_room_16,
          uniq_jessica
D:3:      layout_basic, ebering_ghost_gozag, cheibrodos_sewer_entry_bend
D:4:      layout_cave_pools, uniq_grinder
D:5:      layout_cave_pools, serial_shops, shop, minmay_bent, uniq_duvessa
D:6:      layout_loops_cross, nicolae_shop_overcharged_wands, uniq_edmund,
          uniq_menkaure
D:7:      minmay_klotski, layout_basic, lemuel_temple_firewalk_b, uniq_joseph,
          uniq_maggie
D:8:      layout_basic, kennysheep_mini_moat, nicolae_qazlal_general_emergency,
          jiyva_altar_1
D:9:      layout_basic, orc_david_3
D:10:     layout_stronghold, mainiacjoe_overflow_large_starburst
D:11:     layout_long_grid, david_lair_shrubbed, lemuel_flamethrower_2,
          uniq_psyche, uniq_amaemon
D:12:     layout_roguey [special_room_orc], hangedman_misty_isle, uniq_jorgrun
D:13:     layout_grid_maze, hangedman_vaults_entry_quadrant_bands,
          gauntlet_entry_generic, minmay_misc_feat_cross,
          nicolae_vehumet_radiance, uniq_azrael
D:14:     layout_stronghold, kennysheep_another_room
D:15:     grunt_enter_depths_hoard, layout_basic, serial_shops, shop_coins,
          serial_bayou_pond_b, nicolae_transporter_circle
Temple:   nicolae_temple_two_arcs
Lair:1:   layout_hall_layers, grunt_megastairs_2
Lair:2:   layout_chaotic_city, spider_nest_entry_web_field, grunt_megastairs_5,
          uniq_fannar
Lair:3:   layout_hall_layers, nicolae_swamp_entry_splash_gauntlet,
          serial_bayou_shore_b, infiniplex_staircase_pool_2
Lair:4:   layout_misc_corridors, infiniplex_staircase_pool
Lair:5:   evilmike_catoblepas_cave, layout_misc_corridors, slime_entry_1,
          wad_woods_road_01
Swamp:1:  nicolae_swamp_flooded_prison, layout_basic_swamp, basic_altar,
          swamp_pool4
Swamp:2:  nicolae_swamp_phyte_club, layout_basic_swamp,
          gammafunk_ghost_necromancy, serial_swamp_ruin,
          evilmike_swamp_ruin_house_3, evilmike_swamp_ruin_rubble_2
Swamp:3:  layout_basic_swamp, nicolae_swamp_little_swirl,
          nzn_swamp_dancing_lights
Spider:1: layout_spider_delve, uniq_donald
Spider:2: layout_spider_delve, nicolae_spider_eight_legs
Spider:3: layout_spider_delve
Orc:1:    layout_caves, nicolae_orc_lost_temple
Orc:2:    grunt_orc_cross, layout_diamond_mine, basic_altar, serial_shops,
          bzr_in_the_mist

Skill      XL: |  1  2  3  4  5  6  7  8  9 10 11 12 13 14 15 16 17 |
---------------+----------------------------------------------------+-----
Axes           | 2 3 4 5 6 7 9 10 11 12 13 14 16 17 18 | 18.0
Fighting       | 4 5 6 8 9 10 11 12 13 14 16 | 16.0
Dodging        | 1 2 3 |  3.0
Shields        | 5 6 7 8 9 14 15 | 15.0
Armour         | 4 5 9 10 11 | 11.1
Invocations    | 4 6 10 | 10.0
Throwing       | 3 4 6 7 8 |  8.0

Action                     |  1- 3 |  4- 6 |  7- 9 | 10-12 | 13-15 | 16-18 || total
---------------------------+-------+-------+-------+-------+-------+-------++-------
  Melee: War axe           |   118 |   138 |   438 |   553 |    25 |   107 ||  1379
         Headbutt          |       |       |    56 |   116 |   188 |   194 ||   554
         Broad axe         |       |       |       |    46 |   804 |   749 ||  1599
         Demon whip        |       |       |       |     3 |    13 |       ||    16
  Throw: Boomerang         |       |     2 |       |    96 |   106 |    81 ||   285
         Javelin           |       |       |       |       |   162 |    80 ||   242
 Invoke: Heroism           |       |       |       |    27 |    34 |    40 ||   101
         Finesse           |       |       |       |     1 |     9 |     1 ||    11
    Use: Scroll            |     5 |     2 |     8 |     8 |     9 |     8 ||    40
         Potion            |       |     2 |     7 |     3 |     3 |     7 ||    22
   Stab: Distracted        |       |       |       |       |       |     1 ||     1
 Armour: Scale mail        |    69 |    23 |       |       |       |       ||    92
         Chain mail        |       |    29 |   237 |    98 |   319 |   447 ||  1130
         Plate armour      |       |       |       |   334 |   218 |       ||   552
  Dodge: Dodged            |    47 |    47 |   149 |   227 |   246 |   243 ||   959
  Block: Buckler           |    19 |    16 |    81 |   124 |   161 |       ||   401
         Kite shield       |       |       |       |       |    48 |   446 ||   494

Table legend:
 A = Non-vault XP
 B = Vault XP
 C = Vault XP percentage of total XP
 D = Non-vault monster count
 E = Vault monster count
 F = Vault count percentage of total count
                 A         B        C        D         E       F
            +---------+---------+-------+---------+---------+-------
      Total |  162520 |   68011 |  29.5 |     650 |     240 |  27.0
            +---------+---------+-------+---------+---------+-------
        D:1 |      41 |       0 |   0.0 |      23 |       0 |   0.0
        D:2 |      57 |      39 |  40.6 |      18 |       2 |  10.0
        D:3 |     170 |       5 |   2.9 |      25 |       1 |   3.8
        D:4 |     200 |     286 |  58.8 |      21 |       1 |   4.5
        D:5 |     312 |     477 |  60.5 |      13 |       8 |  38.1
        D:6 |     838 |     326 |  28.0 |      19 |       2 |   9.5
        D:7 |     908 |     847 |  48.3 |      20 |       7 |  25.9
        D:8 |    1443 |     178 |  11.0 |      14 |       4 |  22.2
        D:9 |    2468 |      12 |   0.5 |      15 |       4 |  21.1
       D:10 |    2700 |       0 |   0.0 |      17 |       0 |   0.0
       D:11 |    2316 |    1972 |  46.0 |       9 |       4 |  30.8
       D:12 |    5289 |    4856 |  47.9 |      36 |      31 |  46.3
       D:13 |    5730 |    7257 |  55.9 |      16 |      26 |  61.9
       D:14 |    8220 |       0 |   0.0 |      19 |       0 |   0.0
       D:15 |   10260 |    5649 |  35.5 |      25 |       9 |  26.5
     Lair:1 |    7018 |    1019 |  12.7 |      41 |       6 |  12.8
     Lair:2 |    5767 |    3590 |  38.4 |      20 |      14 |  41.2
     Lair:3 |   12108 |    2436 |  16.7 |      38 |       6 |  13.6
     Lair:4 |    4020 |       0 |   0.0 |      16 |       0 |   0.0
     Lair:5 |   15579 |   10384 |  40.0 |      38 |      23 |  37.7
    Swamp:1 |   12696 |    7313 |  36.5 |      26 |      13 |  33.3
    Swamp:2 |   11313 |    6780 |  37.5 |      28 |       7 |  20.0
    Swamp:3 |   12417 |    1210 |   8.9 |      19 |       3 |  13.6
   Spider:1 |    5686 |    1290 |  18.5 |      18 |       1 |   5.3
   Spider:2 |   19498 |    4376 |  18.3 |      47 |       8 |  14.5
   Spider:3 |   12194 |       0 |   0.0 |      33 |       0 |   0.0
      Orc:1 |    1959 |       0 |   0.0 |      28 |       0 |   0.0
      Orc:2 |    1313 |    7105 |  84.4 |       8 |      32 |  80.0
      Sewer |       0 |     604 | 100.0 |       0 |      28 | 100.0
            +---------+---------+-------+---------+---------+-------
